 Dungeon Crawl Stone Soup version 0.26-a0-845-gfacbca91cf (webtiles) character file.

Game seed: 4963892463501487189

2432 Elric the Cleaver (level 9, 0/81 HPs)
             Began as a Minotaur Berserker on Nov 19, 2020.
             Was an Elder of Trog.
             Killed from afar by a steam dragon (11 damage)
             ... with a ball of steam
             ... on level 7 of the Dungeon.
             The game lasted 00:10:31 (6298 turns).

Elric the Cleaver (Minotaur Berserker)              Turns: 6298, Time: 00:10:34

Health: 0/81       AC: 10    Str: 22 (25) XL:     9   Next: 24%
Magic:  8/8        EV: 13    Int:  2 (4)  God:    Trog [****..]
Gold:   266        SH:  0    Dex:  7 (10) Spells: 8/8 levels left

rFire    . . .     SeeInvis .   z - -2 triple sword
rCold    . . .     Faith    .   (shield currently unavailable)
rNeg     . . .     Spirit   .   c - +0 chain mail
rPois    .         Reflect  .   (helmet restricted)
rElec    .         Harm     .   (no cloak)
rCorr    .         Rampage  .   (no gloves)
MR       +++..                  (no boots)
Stlth    ..........             y - amulet of magic regeneration
HPRegen  1.23/turn              r - +4 ring of evasion
MPRegen  0.36/turn              w - ring of protection from magic

@: regenerating
A: retaliatory headbutt, horns 2
a: Berserk, Trog's Hand, Brothers in Arms, Renounce Religion


You were on level 7 of the Dungeon.
You worshipped Trog.
Trog was greatly pleased with you.
You visited 1 branch of the dungeon, and saw 7 of its levels.

You collected 267 gold pieces.
You spent 1 gold pieces at shops.

Inventory:

Hand Weapons
 a - a +0 hand axe
 v - a +0 falchion
 z - a -2 triple sword (weapon)
Armour
 b - a +0 animal skin
 c - a +0 chain mail (worn)
Jewellery
 r - a +4 ring of evasion (left hand)
 w - a ring of protection from magic (right hand)
 y - an amulet of magic regeneration (around neck)
Wands
 m - a wand of iceblast (18)
 s - a wand of enslavement (8)
 x - a wand of paralysis (8)
Scrolls
 d - a scroll of amnesia
 e - 5 scrolls of teleportation
 f - a scroll of fog
 g - 6 scrolls of identify
 k - a scroll of blinking
 p - 3 scrolls of remove curse
 q - a scroll of random uselessness
Potions
 h - a potion of invisibility {unknown}
 i - 2 potions of berserk rage {unknown}
 j - a potion of lignification {unknown}
 l - 3 potions of curing
 n - 2 potions of degeneration
 o - 2 potions of heal wounds {unknown}
 t - a potion of flight {unknown}
 u - a potion of haste {unknown}
 A - a potion of attraction {unknown}


   Skills:
 - Level 8.0 Fighting
 + Level 4.6 Long Blades
 - Level 10.5 Axes
 - Level 7.3 Armour
 - Level 2.6 Dodging


You had 8 spell levels left.
You didn't know any spells.
Your spell library was empty.

Dungeon Overview and Level Annotations

Branches:
Dungeon (7/15)             Temple (0/1) D:4

Altars:
Fedhas

Shops:
D:6 *=

Annotations:
D:4 1 runed translucent door, Riddle's ghost, amateur DrAr


Innate Abilities, Weirdness & Mutations

You reflexively headbutt those who attack you in melee.
You have a pair of horns on your head.


Message History

* * * LOW HITPOINT WARNING * * *
The steam dragon bites you.
* * * LOW HITPOINT WARNING * * *
The steam dragon closely misses you.
You feel better.
You are engulfed in a cloud of scalding steam.
* * * LOW HITPOINT WARNING * * *
The steam dragon breathes steam at you. The ball of steam hits you!
* * * LOW HITPOINT WARNING * * *
Your two-headed ogre goes berserk!
The steam dragon bites you but does no damage.
The steam dragon barely misses you.
You swap places.
Your two-headed ogre closely misses the steam dragon.
Your two-headed ogre hits the steam dragon with a +0 giant spiked club!!
The steam dragon breathes steam at you.
The ball of steam hits your two-headed ogre!!
The ball of steam hits you!
You die...

#.......##
........# ........#
.....#.#
#.#####...##.#
#......††# #.#
#....)...# #.# #
########?###.####.#
#SyDO@.....#
#####...#### ###.#
#.# #.# #.# ##.#
#..# #.##


You could see a steam dragon (catching breath), a killer bee, an adder and a
friendly two-headed ogre (summoned, berserk).

Vanquished Creatures
  2 sky beasts (D:6)
  3 orc warriors
  2 phantoms
  3 ogres
  A bullfrog (D:6)
  3 scorpions
  7 killer bees (D:7)
  3 bullfrog zombies
  4 hounds
  A quasit (D:6)
  A jelly (D:6)
  3 orc priests
  2 bullfrog skeletons (D:5)
  An iguana (D:3)
  4 orc wizards
  5 worker ants
  A killer bee zombie (D:6)
  A hound zombie (D:6)
  A worker ant zombie (D:5)
  A howler monkey skeleton (D:6)
  14 adders
  4 white imps
  4 ufetubi
  An adder skeleton (D:4)
  7 worms
  2 dart slugs (D:1)
  5 leopard geckos
  15 orcs
  4 giant cockroaches
  15 goblins
  6 hobgoblins
  15 jackals
  5 kobolds
  2 quokkas
  A ball python (D:3)
  18 bats
  5 frilled lizards
  A jackal zombie (D:6)
  12 rats
185 creatures vanquished.

Vanquished Creatures (others)
  A killer bee (D:7)
  A quokka (D:7)
  10 fungi (D:6)
12 creatures vanquished.

Grand Total: 197 creatures vanquished

Notes
Turn   | Place    | Note
-------+----------+-------------------------------------------
     0 | D:1      | Elric the Minotaur Berserker began the quest for the Orb.
     0 | D:1      | Reached XP level 1. HP: 19/19 MP: 0/0
   192 | D:1      | Reached XP level 2. HP: 27/27 MP: 1/1
   232 | D:1      | Reached skill level 4 in Axes
   465 | D:1      | Reached XP level 3. HP: 30/33 MP: 2/2
   569 | D:1      | Reached ** piety under Trog
  1086 | D:2      | Reached XP level 4. HP: 37/41 MP: 3/3
  1258 | D:2      | Reached skill level 5 in Axes
  1370 | D:2      | Reached XP level 5. HP: 44/47 MP: 4/4
  1431 | D:2      | Found a blossoming altar of Fedhas.
  2113 | D:3      | Reached skill level 5 in Fighting
  2149 | D:3      | Reached skill level 6 in Axes
  2431 | D:3      | Reached XP level 6. HP: 51/56 MP: 5/5
  2471 | D:3      | Reached *** piety under Trog
  2863 | D:4      | Found a staircase to the Ecumenical Temple.
  2875 | D:4      | Found a runed translucent door.
  2879 | D:4      | Noticed Riddle's ghost (amateur DrAr)
  2881 | D:4      | Noticed a troll
  3060 | D:4      | Reached skill level 7 in Axes
  3066 | D:4      | Reached XP level 7. HP: 57/62 MP: 6/6
  3432 | D:4      | Identified Cefeitt's Incunabulum of Spatial Attacks
  3458 | D:5      | Entered Level 5 of the Dungeon
  3464 | D:5      | Reached skill level 5 in Armour
  3903 | D:5      | Reached skill level 8 in Axes
  4056 | D:5      | Reached XP level 8. HP: 71/71 MP: 7/7
  4460 | D:6      | Reached skill level 9 in Axes
  4792 | D:6      | Reached **** piety under Trog
  5055 | D:6      | Reached skill level 10 in Axes
  5348 | D:6      | Reached XP level 9. HP: 65/81 MP: 8/8
  5492 | D:6      | Found Nidwy's Jewellery Shoppe.
  5782 | D:6      | Found Fauny's Lightly-Used Armoury.
  5790 | D:6      | Bought a -2 triple sword for 1 gold piece
  5921 | D:7      | Reached skill level 1 in Long Blades
  6298 | D:7      | Killed from afar by a steam dragon

Illustrated notes

Levels and vault maps discovered:
D:1:      lemuel_arrival_room, layout_basic, kennysheep_nondescript
D:2:      cheibrodos_helix_gallery, layout_loops_ring,
          nicolae_overflow_hidden_temple, minmay_bisected
D:3:      layout_basic, st_stairs_8, grunt_ministairs_14,
          chequers_serial_rivers_micro_e
D:4:      layout_rooms, minmay_temple_entry_tees, ebering_ghost_inner_flame
D:5:      layout_basic, grunt_ministairs_9
D:6:      old_forge, layout_loops_cross, serial_shops, kennysheep_little_box,
          minmay_misc_feat_enclosed, minmay_shop_damaged, minmay_strange_pillars
D:7:      layout_loops_ring, general_overflow_altar, serial_shops, shop,
          uniq_prince_ribbit1, uniq_menkaure

Skill      XL: |  1  2  3  4  5  6  7  8  9 |
---------------+----------------------------+-----
Fighting       | 4 5 6 8 |  8.0
Axes           | 4 5 6 7 8 10 | 10.5
Armour         | 3 4 5 7 |  7.3
Long Blades    | 4 |  4.6
Dodging        | |  2.6

Action                   |  1- 3 |  4- 6 |  7- 9 || total
-------------------------+-------+-------+-------++-------
Melee: Hand axe          |    77 |   143 |   218 ||   438
       Headbutt          |    11 |    19 |    37 ||    67
       Triple sword      |       |       |    34 ||    34
Invok: Berserk           |       |     2 |     5 ||     7
       Trog's Hand       |       |     1 |     3 ||     4
       Brothers in Arms  |       |       |     1 ||     1
  Use: Scroll            |       |     1 |     8 ||     9
       Potion            |       |       |     3 ||     3
Armor: Animal skin       |     1 |       |       ||     1
       Chain mail        |    48 |    80 |   171 ||   299
Dodge: Dodged            |    44 |    62 |   178 ||   284
       Rpst.: Triple sword |       |       |    11 ||    11

Table legend: (Time is in decaauts)
 A = Elapsed time spent in this place.
 B = Non-inter-level travel time spent in this place.
 C = Inter-level travel time spent in this place.
 D = Time resting spent in this place.
 E = Time spent auto-exploring this place.
 F = Levels seen in this place.
 G = Mean time per level.
                   A        B        C        D        E       F      G
               +--------+--------+--------+--------+--------+-----+--------+
         Total |   6368 |   6092 |    276 |      0 |   4995 |   7 |  909.7 |
       Dungeon |   6368 |   6092 |    276 |      0 |   4995 |   7 |  909.7 |
               +--------+--------+--------+--------+--------+-----+--------+

Top non-repeatable levels by time:
     D:6: 1460 daAuts
     D:2: 1007 daAuts
     D:3: 970 daAuts
     D:5: 941 daAuts
     D:1: 862 daAuts
     D:4: 646 daAuts
     D:7: 479 daAuts
